 Dungeon Crawl Stone Soup version 0.31-a0-516-gfcb59812bd (webtiles) character file.

Game seed: 16645707362765234178

2452 Ethylacetat the Covert (level 9, 0/69 HPs)
             Began as an Octopode Gladiator on Aug 10, 2023.
             Succumbed to a gnoll sergeant's poison
             ... on level 6 of the Dungeon.
             The game lasted 00:09:01 (4616 turns).

Ethylacetat the Covert (Octopode Gladiator)         Turns: 4616, Time: 00:09:01

Health: 0/69       AC:  1    Str: 13    XL:     9   Next: 50%
Magic:  9/9        EV: 17    Int: 13    God:
Gold:   234        SH:  0    Dex: 18    Spells: 8/8 levels left

rFire   x . .        B - +6 hand axe "Lygass" {drain, rC+ rCorr Int+3}
rCold   + . .        (no shield)
rNeg    . . .        b - +0 hat
rPois   .            s - amulet of regeneration
rElec   .            (no ring)
rCorr   +            (no ring)
SInv    .            (no ring)
Will    .....        (no ring)
Stlth   +++++        (no ring)
HPRegen 1.11/turn    (no ring)
MPRegen 0.11/turn    (no ring)
                     (no ring)

%: no passive effects
@: lethally poisoned (0 -> -3), hasted, very quick
A: almost no armour, amphibious, 8 rings, camouflage 1, gelatinous body 1,
(nimble swimmer 1), tentacles, robust 1, heat vulnerability 1
a: no special abilities


You were on level 6 of the Dungeon.
You visited 1 branch of the dungeon, and saw 6 of its levels.

You collected 462 gold pieces.
You spent 228 gold pieces at shops.

Inventory:

Hand Weapons
 p - a +1 short sword of protection
 B - the +6 hand axe "Lygass" (weapon) {drain, rC+ rCorr Int+3}
   (You found it on level 4 of the Dungeon)

   Int+3:     It affects your intelligence (+3).
   rC+:       It protects you from cold.
   rCorr:     It protects you from acid and corrosion.
Missiles
 c - 5 throwing nets
 d - 5 javelins
 y - 4 curare-tipped darts (quivered)
Armour
 b - a +0 hat (worn)
 g - a +0 kite shield
Jewellery
 s - an amulet of regeneration (around mantle)
 t - an amulet of magic regeneration
Wands
 q - a wand of charming (3)
 A - a wand of polymorph (12)
Scrolls
 a - a scroll of immolation {unknown}
 e - a scroll of vulnerability {unknown}
 f - 5 scrolls of fear {unknown}
 k - a scroll of revelation {unknown}
 m - 7 scrolls of identify {unknown}
 n - 2 scrolls of blinking {unknown}
 o - a scroll of enchant weapon {unknown}
 u - 2 scrolls of teleportation {unknown}
 v - 2 scrolls of enchant armour {unknown}
 w - a scroll of noise {unknown}
Potions
 h - a potion of magic
 j - a potion of resistance {unknown}
 l - a potion of haste
 x - a potion of degeneration {unknown}
 z - 2 potions of invisibility


   Skills:
 + Level 6.3 Fighting
 - Level 4.4 Long Blades
 - Level 2.2 Throwing
 + Level 6.8 Dodging
 + Level 8.3 Stealth
 + Level 5.7 Shields


You had 8 spell levels left.
You didn't know any spells.
Your spell library contained the following spells:

 Spells                   Type           Power      Damage    Failure   Level
 Shock                    Conj/Air       0%         1d3       30%         1
 Summon Small Mammal      Summ           0%         N/A       30%         1
 Call Canine Familiar     Summ           0%         N/A       67%         3
 Summon Guardian Golem    Hex/Summ       0%         N/A       67%         3
 Swiftness                Air            0%         N/A       67%         3
 Airstrike                Air            0%         2d(0-16)  97%         4


Dungeon Overview and Level Annotations

Branches:
Dungeon (6/15)
 Temple: D:4-7

Altars:
Ashenzari
Kikubaaqudgha
Vehumet

Shops:
D:2 [?*(   D:3 !   D:5 *


Innate Abilities, Weirdness & Mutations

You cannot wear most types of armour.
You are amphibious.
You can wear up to eight rings at the same time.
Your skin changes colour to match your surroundings (Stealth+).
Your rubbery body absorbs attacks. (AC +1, EV +1)
((You are camouflaged when in or above water. (Stealth+)))
You have tentacles for arms and can constrict up to eight enemies at once.
You are robust. (+10% HP)
You are vulnerable to heat. (rF-)


Message History

You kill the ufetubus!
The gnoll misses you.
You hit the gnoll. You drain the gnoll. Your grab misses the gnoll.
The gnoll is moderately wounded.
A nearby plant withers and dies.
The gnoll hits you from afar with a +0 halberd.
The gnoll hits you with a +0 flail! The gnoll closely misses you.
The gnoll hits you from afar with a +0 halberd.
You hit the gnoll. You drain the gnoll. You grab the gnoll.
You tentacle-slap the gnoll.
The gnoll is severely wounded.
You constrict the gnoll.
You kill the gnoll!
The gnoll closely misses you. The gnoll sergeant closely misses you.
You hit the gnoll. You drain the gnoll. You grab the gnoll.
The gnoll is almost dead.
You constrict the gnoll. The gnoll sergeant closely misses you.
The gnoll misses you. The gnoll closely misses you.
You hit the gnoll but do no damage. You drain the gnoll.
You kill the gnoll!
The gnoll hits you from afar with a +0 halberd.
The gnoll sergeant hits you from afar with a +0 spear!
The gnoll sergeant hits you from afar with a +4 spear of venom!
* * * LOW HITPOINT WARNING * * *
You are poisoned.
The gnoll barely misses you.
The gnoll sergeant hits you from afar with a +0 spear!
* * * LOW HITPOINT WARNING * * *
You feel yourself speed up.
* * * LOW HITPOINT WARNING * * *
You feel very sick. The gnoll sergeant barely misses you.
The gnoll barely misses you. The gnoll sergeant closely misses you.
* * * LOW HITPOINT WARNING * * *
You feel sick.
* * * LOW HITPOINT WARNING * * *
You feel sick.
It was a potion of mutation.
You feel extremely strange.
You feel vulnerable to heat.
You feel robust.
You die...

.........#...........<...#
.........#........#'######
P.................#.#
..................#.#
P..P..............#.#
PPP...............#.########
.P......g#........#.#.......
#..gg#........#.#.######
#.gg)#.@.....##.#.#
#####........##.#.#
#........##.#.######
#........##.#.......
#.#########.#.#####. #.#
#.#....... #.#
#######......... #.#
#.......##.#<.#. #.#
#.#####.##....#.


There were no monsters in sight!

Vanquished Creatures
  The ghost of Kiciri the Cleaver, a novice FoFi of Okawaru (D:5)
  The ghost of confidenceinterval the Changeling, a novice MfSh of Okawaru (D:5)
  The ghost of Omnilove the Changeling, a novice OpSh (D:5)
  The ghost of dondy the Cleaver, an amateur HOMo (D:5)
  Sigmund (D:3)
  3 water moccasins (D:5)
  An ogre (D:5)
  A centaur (D:5)
  3 hounds
  A jelly (D:5)
  3 orc priests
  A sleepcap (D:5)
  Ijyb (D:4)
  3 iguanas (D:5)
  3 orc wizards (D:4)
  Robin (D:4)
  6 gnolls
  3 adders
  A shadow imp (D:5)
  A white imp (D:5)
  2 ufetubi (D:6)
  4 worms
  3 dart slugs
  8 orcs
  4 ball pythons
  7 endoplasms
  5 giant cockroaches
  6 goblins
  10 hobgoblins
  3 jackals
  4 quokkas
  8 bats
  7 kobolds
  5 rats
113 creatures vanquished.

Notes
Turn   | Place    | Note
-------+----------+-------------------------------------------
     0 | D:1      | Ethylacetat the Octopode Gladiator began the quest for the
                  | Orb.
     0 | D:1      | Reached XP level 1. HP: 14/14 MP: 1/1
   186 | D:1      | Reached XP level 2. HP: 11/19 MP: 2/2
   797 | D:2      | Found Reicocria's Magic Scroll Shop.
   832 | D:2      | Found Hintu's Antique Armour Shoppe.
   893 | D:2      | Reached XP level 3. HP: 19/25 MP: 3/3
   992 | D:2      | Reached skill level 1 in Stealth
  1092 | D:2      | Found Metoaw Xion's Antique Weapon Shoppe.
  1116 | D:2      | Found Ahonliki's General Store.
  1367 | D:2      | Reached skill level 1 in Shields
  1398 | D:2      | Reached XP level 4. HP: 30/30 MP: 4/4
  1806 | D:3      | Found a broken altar of Ashenzari.
  1906 | D:3      | Noticed Sigmund
  1921 | D:3      | Killed Sigmund
  1922 | D:3      | Reached skill level 3 in Stealth
  1922 | D:3      | Reached XP level 5. HP: 31/36 MP: 5/5
  1922 | D:3      | Reached XP level 6. HP: 36/42 MP: 6/6
  2201 | D:3      | Found a faded altar of an unknown god.
  2398 | D:3      | Found Negron's Distillery.
  2406 | D:3      | Bought a potion of haste for 100 gold pieces
  2406 | D:3      | Bought a potion of curing for 30 gold pieces
  2406 | D:3      | Bought a potion of might for 40 gold pieces
  2679 | D:4      | Found an ancient bone altar of Kikubaaqudgha.
  3095 | D:3      | Reached XP level 7. HP: 28/46 MP: 7/7
  3097 | D:3      | Reached skill level 4 in Stealth
  3473 | D:4      | Noticed Ijyb
  3473 | D:4      | Noticed Robin
  3504 | D:4      | Killed Ijyb
  3509 | D:4      | Killed Robin
  3527 | D:4      | Identified the +6 hand axe "Lygass" {drain, rC+ rCorr
                  | Int+3}
  3830 | D:5      | Entered Level 5 of the Dungeon
  3846 | D:5      | Found Biurer's Assorted Antiques.
  3888 | D:5      | Bought a scroll labelled GIUMITT ZIMORO for 29 gold pieces
  3888 | D:5      | Bought a scroll labelled LIADOQ SICSESHO for 29 gold pieces
  3958 | D:5      | HP: 2/48 [ogre/+0 giant club (27)]
  3961 | D:5      | Reached skill level 5 in Dodging
  3961 | D:5      | Reached skill level 5 in Stealth
  3963 | D:5      | Reached XP level 8. HP: 9/54 MP: 8/8
  4161 | D:5      | Found a radiant altar of Vehumet.
  4244 | D:5      | Found a runed translucent gate.
  4244 | D:5      | Found a runed translucent gate.
  4244 | D:5      | Found a runed translucent gate.
  4246 | D:5      | Noticed Kiciri's ghost (novice FoFi)
  4246 | D:5      | Noticed confidenceinterval's ghost (novice MfSh)
  4248 | D:5      | Noticed Omnilove's ghost (novice OpSh)
  4248 | D:5      | Noticed dondy's ghost (amateur HOMo)
  4266 | D:5      | Killed Kiciri's ghost
  4267 | D:5      | Reached skill level 5 in Fighting
  4267 | D:5      | Reached skill level 6 in Stealth
  4277 | D:5      | Killed Omnilove's ghost
  4278 | D:5      | Reached skill level 7 in Stealth
  4278 | D:5      | Reached XP level 9. HP: 16/61 MP: 9/9
  4278 | D:5      | Killed dondy's ghost
  4279 | D:5      | Reached skill level 5 in Shields
  4280 | D:5      | Killed confidenceinterval's ghost
  4281 | D:5      | Reached skill level 8 in Stealth
  4614 | D:6      | HP: 3/63 [poisoned by a gnoll sergeant]
  4616 | D:6      | Gained mutation: You are vulnerable to heat. (rF-) [potion
                  | of mutation]
  4616 | D:6      | Gained mutation: You are robust. (+10% HP) [potion of
                  | mutation]
  4616 | D:6      | Succumbed to a gnoll sergeant's poison

Illustrated notes

Levels and vault maps discovered:
D:1:      nzn_arrival_depleted_hourglass, layout_loops_ring, serial_glass,
          glass_columns_c, glass_columns_c, item_on_display_a,
          minmay_heptomino_o4
D:2:      minmay_door_path, layout_rooms, serial_shops, shop,
          nicolae_shop_waterfront, nicolae_shop_hallway_plus,
          nicolae_shop_tiny_glass, kennysheep_generic_room_2
D:3:      layout_basic, marbit_many_paths,
          shapermc_ecumenical_altar_mp_vishouse, serial_shops, shop_fountains,
          serial_rivers, chequers_serial_rivers_large_b,
          chequers_serial_rivers_micro_e, chequers_serial_rivers_room_b,
          chequers_serial_rivers_micro_a, chequers_serial_rivers_small_b,
          uniq_sigmund
D:4:      layout_layer_cave, mainiacjoe_overflow_tiny_flanked,
          grunt_ministairs_14, st_stairs_11, nicolae_goblin_pals
D:5:      layout_cave_pools, mainiacjoe_overflow_boulevard, serial_shops,
          shop_coins, gammafunk_ghost_cemetery
D:6:      lemuel_ice_spiral_2, layout_basic,
          minmay_temple_entry_drinking_statues, dk_vineyard_3,
          nicolae_grassy_gnolls

Skill      XL: |  1  2  3  4  5  6  7  8  9 |
---------------+----------------------------+-----
Stealth        | 1 3 5 7 8 |  8.3
Shields        | 1 2 3 4 5 |  5.7
Fighting       | 3 4 5 6 |  6.3
Dodging        | 4 5 6 |  6.8
Long Blades    | 4 |  4.4
Throwing       | |  2.2

Action                     |  1- 3 |  4- 6 |  7- 9 || total
---------------------------+-------+-------+-------++-------
  Melee: Long sword        |    77 |     8 |       ||    85
         Tentacles         |    16 |    25 |    37 ||    78
         Constrict         |    13 |    21 |    28 ||    62
         Punch             |     1 |     1 |     4 ||     6
         Short sword       |       |    78 |    55 ||   133
         Hand axe          |       |       |    63 ||    63
    Use: Potion            |       |       |    10 ||    10
   Stab: Sleeping          |     9 |     7 |     7 ||    23
         Distracted        |     1 |     1 |       ||     2
         Invisible         |       |       |     3 ||     3
 Armour: Skin              |     5 |    30 |    17 ||    52
  Dodge: Dodged            |    43 |    74 |    92 ||   209

Table legend: (Time is in decaauts)
 A = Elapsed time spent in this place.
 B = Non-inter-level travel time spent in this place.
 C = Inter-level travel time spent in this place.
 D = Time resting spent in this place.
 E = Time spent auto-exploring this place.
 F = Levels seen in this place.
 G = Mean time per level.
                   A        B        C        D        E       F      G
               +--------+--------+--------+--------+--------+-----+--------+
         Total |   4618 |   4432 |    186 |      0 |   3641 |   6 |  769.7 |
       Dungeon |   4618 |   4432 |    186 |      0 |   3641 |   6 |  769.7 |
               +--------+--------+--------+--------+--------+-----+--------+

Top non-repeatable levels by time:
     D:4: 1225 daAuts
     D:3: 1058 daAuts
     D:1: 804 daAuts
     D:2: 746 daAuts
     D:5: 641 daAuts
     D:6: 142 daAuts
